 Dungeon Crawl Stone Soup version 0.19-a0-1932-g59670f6 (webtiles) character file.

8 varam the Ruffian (level 2, 0/29 HPs)
             Began as a Troll Monk on Oct 25, 2016.
             Slain by an orc wizard
             ... wielding a cursed -1 dagger
              (2 damage)
             ... on level 3 of the Dungeon.
             The game lasted 00:01:02 (274 turns).

varam the Ruffian (Troll Monk)                       Turns: 274, Time: 00:01:03

Health: 0/29       AC:  5    Str: 18    XL:     2   Next: 0%
Magic:  1/1        EV: 10    Int:  6    God:
Gold:   34         SH:  0    Dex: 12    Spells: 0 memorised, 1 level left

rFire  . . .     SeeInvis .       - Unarmed
rCold  . . .     Gourm    +     a - +0 robe
rNeg   . . .     Faith    .     (no shield)
rPois  .         Spirit   .     (helmet restricted)
rElec  .         Reflect  .     (no cloak)
rCorr  .         Harm     .     (gloves unavailable)
MR     .....                    (boots unavailable)
Stlth  ++........               (no amulet)
                                (no ring)
                                (no ring)

@: no status effects
A: unfitting armour, claws 3, fast metabolism 3, gourmand, regeneration 1,
shaggy fur 1, tough skin 2
a: no special abilities


You were on level 3 of the Dungeon.
You were full.

You visited 1 branch of the dungeon, and saw 4 of its levels.

You collected 34 gold pieces.

Inventory:

Armour
 a - a +0 robe (worn)
Books
 e - a book of Misfortune

   Spells                             Type                      Level
   a - Confusing Touch                Hexes                        1
   b - Confuse                        Hexes                        3
   c - Gell's Gravitas                Hexes/Translocation          3
   d - Petrify                        Transmutation/Earth          4
   e - Metabolic Englaciation         Hexes/Ice                    5
   f - Yara's Violent Unravelling     Hexes/Transmutation          5
Comestibles
 b - 2 bread rations
 c - a slice of pizza
 f - 2 chunks of flesh


   Skills:
 - Level 2.4 Fighting
 + Level 0.1 Throwing
 + Level 2.5 Dodging
 - Level 1.0 Stealth
 * Level 3.3 Unarmed Combat


You had one spell level left.
You didn't know any spells.

Dungeon Overview and Level Annotations

Branches:
Dungeon (4/15)
 Temple: D:4-7

Altars:


Innate Abilities, Weirdness & Mutations

You are too large for most types of armour.
You have claws for hands.
Your metabolism is lightning-fast.
You like to eat raw meat.
Your natural rate of healing is unusually fast.
You are covered in fur. (AC +1)
You have very tough skin. (AC +2)


Message History

You are more confused.
The orc wizard completely misses you.
You closely miss the orc wizard.
The orc wizard casts a spell.
Something hits you but does no damage. The orc hits you with a mace.
* * * LOW HITPOINT WARNING * * *
You scratch the orc wizard.
The orc wizard is moderately wounded.
The orc wizard hits you but does no damage.
Something hits you but does no damage. The orc wizard barely misses you.
It was a potion of curing.
You feel better. The orc hits you with a mace.
* * * LOW HITPOINT WARNING * * *
The orc wizard points at you and mumbles some strange words.
The magic dart hits you!
* * * LOW HITPOINT WARNING * * *
Something hits you but does no damage.
You completely miss the orc wizard.
The orc wizard is moderately wounded.
The orc wizard hits you with a dagger.
You die...

###### #....#
########..@.#
#####......#.o{o#
...........+..).+
...........#....#
....o....o.#....#
.....#####.#....#
..... #.#....#
.o.. #.##...# .o.
#.#....# ≈≈≈≈g


You could see an orc wizard and an orc.

Vanquished Creatures
  A bat (D:1)
  A giant cockroach (D:1)
  2 hobgoblins (D:3)
  A frilled lizard (D:3)
  A goblin (D:3)
  2 rats (D:1)
8 creatures vanquished.

Notes
Turn   | Place    | Note
-------+----------+-------------------------------------------
     0 | D:1      | varam the Troll Monk began the quest for the Orb.
     0 | D:1      | Reached XP level 1. HP: 22/22 MP: 0/0
     3 | D:1      | Noticed an electric eel
     3 | D:1      | Noticed an electric eel
   171 | D:2      | You fall through a shaft!
   219 | D:4      | Noticed an orc priest
   241 | D:3      | Noticed an orc wizard
   242 | D:3      | Noticed an orc wizard
   268 | D:3      | Reached XP level 2. HP: 9/29 MP: 1/1
   274 | D:3      | Slain by an orc wizard

Vault maps used:
D:1:      arrival_aquarium_b, hangedman_abyss_or_decor_lesser_grid,
          hangedman_decor_growths
D:3:      first_bread, serial_bayou, serial_bayou_crossing,
          serial_bayou_shore_b, serial_bayou_pond_c, serial_bayou_pond_b,
          uniq_iyjb

Action                   || total
-------------------------++-------
Melee: Unarmed           ||    28
  Use: Potion            ||     1
 Stab: Sleeping          ||     2
  Eat: Chunk             ||     4
Armor: Robe              ||    13
Dodge: Dodged            ||    24
